 Dungeon Crawl Stone Soup version 0.30-a0-964-gd452b5e7fa (webtiles) character file.

Game seed: 5011626428150616892

1021 vishdafish the Poker (level 8, 52/52 HPs)
             Began as a Demonspawn Conjurer on Mar 30, 2023.
             Quit the game on level 5 of the Dungeon.
             The game lasted 00:04:25 (4461 turns).

vishdafish the Poker (Demonspawn Conjurer)          Turns: 4461, Time: 00:04:25

Health: 52/52      AC:  4    Str: 10    XL:     8   Next: 2%
Magic:  12/13      EV: 12    Int: 21    God:
Gold:   240        SH:  0    Dex: 13    Spells: 5/14 levels left

rFire   . . .      SeeInvis .    q - +9 spear "Concordance" {flame, Str+3}
rCold   . . .      Faith    .    (no shield)
rNeg    . . .      Spirit   .    a - +0 robe
rPois   .          Reflect  .    y - +0 helmet
rElec   .          Rampage  .    (no cloak)
rCorr   .                        (no gloves)
Will    .....                    (no boots)
Stlth   ++                       s - amulet of the acrobat
HPRegen 0.28/turn                n - +4 ring of slaying
MPRegen 0.13/turn                w - ring of wizardry

@: no status effects
A: spiny 1, sharp scales 1, demonic touch 1
a: no special abilities


You were on level 5 of the Dungeon.
You visited 1 branch of the dungeon, and saw 5 of its levels.

You collected 240 gold pieces.

Inventory:

Hand Weapons
 f - a +0 short sword of speed
 q - the +9 spear "Concordance" (weapon) {flame, Str+3}
   (You found it on level 3 of the Dungeon)

   Str:       It affects your strength (+3).
Missiles
 o - 10 curare-tipped darts
Armour
 a - a +0 robe (worn)
 y - a +0 helmet (worn)
Jewellery
 n - a +4 ring of slaying (left hand)
 s - an amulet of the acrobat (around neck)
 w - a ring of wizardry (right hand)
Wands
 z - a wand of mindburst (20)
 A - a wand of paralysis (5)
Scrolls
 c - 2 scrolls of noise {unknown}
 d - 2 scrolls of identify {unknown}
 e - a scroll of fog {unknown}
 j - 6 scrolls of teleportation {unknown}
 k - a scroll of blinking {unknown}
 l - 2 scrolls of brand weapon {unknown}
 m - a scroll of magic mapping {unknown}
 p - a scroll of acquirement {unknown}
 u - a scroll of vulnerability {unknown}
 v - 2 scrolls of amnesia {unknown}
 x - a scroll of enchant weapon {unknown}
 C - a scroll of immolation {unknown}
Potions
 b - a potion of magic
 g - a potion of ambrosia {unknown}
 h - 2 potions of curing
 i - a potion of attraction {unknown}
 r - a potion of flight {unknown}
 t - a potion of degeneration {unknown}
 B - a potion of haste {unknown}


   Skills:
 + Level 6.9 Polearms
 - Level 1.7 Dodging
 - Level 1.7 Stealth
 - Level 3.8 Spellcasting
 - Level 5.4 Conjurations


You had 5 spell levels left.
You knew the following spells:

 Your Spells              Type           Power      Damage    Failure   Level
a - Magic Dart            Conj           100%       1d8       1%          1
b - Fulminant Prism       Conj/Hex       7%         3d7       16%         4
c - Iskenderun's Mystic   Conj/Tloc      15%        2d5       16%         4

Your spell library contained the following spells:

 Spells                   Type           Power      Damage    Failure   Level
 Searing Ray              Conj           52%        2d6       1%          2
 Summon Small Mammal      Summ           16%        N/A       4%          1
 Dazzling Flash           Conj/Hex       30%        N/A       4%          3
 Call Canine Familiar     Summ           4%         N/A       16%         3
 Summon Guardian Golem    Hex/Summ       4%         N/A       16%         3
 Iskenderun's Battlesphe  Conj           26%        2d8       16%         5
 Fireball                 Conj/Fire      7%         3d5       38%         5
 Anguish                  Hex/Necr       2%         N/A       43%         4
 Conjure Ball Lightning   Conj/Air       7%         3x3d6     91%         6
 Orb of Destruction       Conj           13%        9d7       98%         7
 Enfeeble                 Hex            2%         N/A       100%        7


Dungeon Overview and Level Annotations

Branches:
Dungeon (5/15)
 Temple: D:4-7

Altars:
Ashenzari
Fedhas
Nemelex Xobeh
Ru
Uskayaw

Shops:
D:1 [


Innate Abilities, Weirdness & Mutations

You are partially covered in sharp spines.
You are partially covered in razor-sharp scales. (AC +1, Slay +1)
Your touch may inflict minor irresistible damage on your foes.


Message History

The orc is almost dead.
The magic dart hits the orc!
You kill the orc!
An orc comes into view. It is wielding a +0 whip.
The magic dart hits the orc.
The orc is moderately wounded.
The magic dart hits the orc.
The orc is heavily wounded.
The magic dart hits the orc!
You kill the orc!
You can't see any susceptible monsters within range! (Use Z to cast anyway.)
You can't see any susceptible monsters within range! (Use Z to cast anyway.)
An ogre comes into view. It is wielding a +0 giant club.
An ogre is nearby!
An ogre is nearby!
The magic dart hits the ogre!
The ogre is moderately wounded.
The ogre shouts!
The magic dart hits the ogre!
The ogre is heavily wounded.
The magic dart hits the ogre!
The ogre is severely wounded.
You can't see any susceptible monsters within range! (Use Z to cast anyway.)
You can't see any susceptible monsters within range! (Use Z to cast anyway.)
An ogre is nearby!
The magic dart hits the ogre!
You kill the ogre!
You have reached level 8!
You feel agile.
Your demonic ancestry asserts itself...
Sharp spines emerge from parts of your body.
You see here a hound corpse.
A worm comes into view.
A worm is nearby!
A worm is nearby!
The magic dart hits the worm.
The worm is moderately wounded.
Are you sure you want to abandon this character and quit the game? (Confirm with "yes".)
Okay, then.
Unknown command.
Are you sure you want to abandon this character and quit the game? (Confirm with "yes".)

...... ##.# ###
#.......##...####..
###..)..........#....
..).).......##......
...........##....<. .
..........##.#.... ...
##.#.##.......####.
.....#.(#.#..........###
..w...?@.†...........# #
...........#...##.#...#
..........###..#..#...#
......)#.## ##........#
.......#.. ..##....##
........... ..#######
......#.... .###
.....##.....


You could see a worm.

Vanquished Creatures
  Eustachio (D:4)
  Edmund (D:4)
  4 ogres
  A howler monkey (D:4)
  2 hounds
  2 orc priests (D:4)
  A sleepcap (D:5)
  Natasha (thrice) (D:3)
  An orc wizard (D:4)
  Robin (D:4)
  4 adders
  A worm (D:2)
  5 dart slugs
  13 orcs
  5 ball pythons
  6 bats
  5 endoplasms
  3 giant cockroaches
  9 goblins
  8 hobgoblins
  4 quokkas
  2 frilled lizards
  6 kobolds
  A rat (D:3)
89 creatures vanquished.

Notes
Turn   | Place    | Note
-------+----------+-------------------------------------------
     0 | D:1      | vishdafish the Demonspawn Conjurer began the quest for the
                  | Orb.
     0 | D:1      | Reached XP level 1. HP: 13/13 MP: 3/3
    55 | D:1      | Found Enoan's Antique Armour Emporium.
   318 | D:1      | Gained mutation: You are partially covered in razor-sharp
                  | scales. (AC +1, Slay +1) [demonic ancestry]
   318 | D:1      | Reached XP level 2. HP: 19/19 MP: 3/5
   394 | D:1      | Found a faded altar of an unknown god.
  1120 | D:2      | Identified the +5 ring mail of Fun and Games {rElec}
  1663 | D:2      | Gained mutation: Your touch may inflict minor irresistible
                  | damage on your foes. [demonic ancestry]
  1663 | D:2      | Reached XP level 3. HP: 24/24 MP: 0/7
  2167 | D:3      | Found a broken altar of Ashenzari.
  2178 | D:3      | Identified the +9 spear "Concordance" {flame, Str+3}
  2189 | D:3      | Found a sparkling altar of Nemelex Xobeh.
  2439 | D:3      | Noticed Natasha
  2444 | D:3      | Killed Natasha
  2445 | D:3      | Reached XP level 4. HP: 29/30 MP: 5/8
  2507 | D:3      | Reached skill level 5 in Conjurations
  2684 | D:3      | Noticed Natasha
  2691 | D:3      | Killed Natasha
  2734 | D:3      | Noticed Natasha
  2745 | D:3      | Killed Natasha
  2746 | D:3      | Reached XP level 5. HP: 14/35 MP: 5/10
  2971 | D:3      | Found a sacrificial altar of Ru.
  2971 | D:3      | Found a hide-covered altar of Uskayaw.
  3152 | D:4      | Noticed Edmund
  3161 | D:4      | Learned a level 4 spell: Fulminant Prism
  3166 | D:4      | Learned a level 4 spell: Iskenderun's Mystic Blast
  3221 | D:4      | Killed Edmund
  3222 | D:4      | Reached skill level 2 in Polearms
  3222 | D:4      | Reached XP level 6. HP: 12/41 MP: 6/11
  3383 | D:4      | Reached skill level 3 in Polearms
  3538 | D:4      | Reached skill level 4 in Polearms
  3548 | D:4      | Reached XP level 7. HP: 46/46 MP: 1/12
  3578 | D:4      | Noticed Robin
  3582 | D:4      | Killed Robin
  3704 | D:4      | Reached skill level 5 in Polearms
  3875 | D:4      | Found a blossoming altar of Fedhas.
  3975 | D:4      | Noticed Eustachio
  3983 | D:4      | Killed Eustachio
  3984 | D:4      | Reached skill level 6 in Polearms
  4284 | D:5      | Entered Level 5 of the Dungeon
  4386 | D:5      | Gained mutation: You are partially covered in sharp spines.
                  | [demonic ancestry]
  4386 | D:5      | Reached XP level 8. HP: 52/52 MP: 3/13
  4461 | D:5      | Quit the game

Illustrated notes

Levels and vault maps discovered:
D:1:      minmay_arrival_split_and_join, layout_basic, serial_shops, shop,
          shapermc_ecumenical_altar_acropolis
D:2:      wander_river, layout_basic
D:3:      layout_basic, lemuel_crystal_altar, mainiacjoe_overflow_24_doors,
          gammafunk_temple_overflow_elements, uniq_natasha
D:4:      layout_loops_ring, kennysheep_little_box, feat_on_display,
          uniq_eustachio, uniq_robin, uniq_edmund
D:5:      layout_cave_pools, serial_shops, shop, gammafunk_ghost_gnarly_gnolls,
          uniq_pikel

Skill      XL: |  1  2  3  4  5  6  7 |
---------------+----------------------+-----
Spellcasting   | 3 |  3.8
Conjurations   | 5 |  5.4
Polearms       | 2 4 6 |  6.9
Dodging        | |  1.7
Stealth        | |  1.7

Action                     |  1- 3 |  4- 6 |  7- 9 || total
---------------------------+-------+-------+-------++-------
  Melee: Short sword       |    32 |       |       ||    32
         Spear             |    12 |    37 |    35 ||    84
         Touch             |     1 |     6 |     2 ||     9
         Punch             |       |     1 |       ||     1
   Cast: Magic Dart        |    60 |    54 |    42 ||   156
    Use: Potion            |       |     1 |       ||     1
 Armour: Robe              |     8 |     1 |     2 ||    11
  Dodge: Dodged            |    26 |    10 |     8 ||    44

Table legend: (Time is in decaauts)
 A = Elapsed time spent in this place.
 B = Non-inter-level travel time spent in this place.
 C = Inter-level travel time spent in this place.
 D = Time resting spent in this place.
 E = Time spent auto-exploring this place.
 F = Levels seen in this place.
 G = Mean time per level.
                   A        B        C        D        E       F      G
               +--------+--------+--------+--------+--------+-----+--------+
         Total |   4456 |   4374 |     82 |      0 |   3874 |   5 |  891.2 |
       Dungeon |   4456 |   4374 |     82 |      0 |   3874 |   5 |  891.2 |
               +--------+--------+--------+--------+--------+-----+--------+

Top non-repeatable levels by time:
     D:4: 1149 daAuts
     D:1: 1089 daAuts
     D:2: 1063 daAuts
     D:3: 977 daAuts
     D:5: 175 daAuts
